 Dungeon Crawl Stone Soup version 0.18.1-50-g88ac8fd (webtiles) character file.

58 Peloso the Covered (level 3, 0/33 HPs)
             Began as a Minotaur Fighter on Sept 27, 2016.
             Slain by Grinder (2 damage)
             ... on level 3 of the Dungeon.
             The game lasted 00:03:46 (1874 turns).

Peloso the Covered (Minotaur Fighter)               Turns: 1874, Time: 00:03:47

Health: 0/33       AC: 13    Str: 25    XL:     3   Next: 75%
Magic:  2/2        EV:  5    Int:  2    God:
Gold:   71         SH: 10    Dex: 10    Spells: 0 memorised, 2 levels left

rFire  . . .     SeeInvis .     a - +0 long sword
rCold  . . .     Gourm    .     o - +0 plate armour
rNeg   . . .     Faith    .     c - +0 shield
rPois  .         Spirit   .     (helmet restricted)
rElec  .         Dismiss  .     q - +0 cloak
rCorr  .         Reflect  .     (no gloves)
SustAt .         Harm     .     (no boots)
MR     .....                    (no amulet)
Stlth  ..........               (no ring)
                                g - -3 ring of intelligence (curse)

@: mighty, not resistant to hostile enchantments, extremely unstealthy
A: retaliatory headbutt, horns 2
a: no special abilities


You were on level 3 of the Dungeon.
You were not hungry.

You visited 1 branch of the dungeon, and saw 3 of its levels.

You collected 71 gold pieces.

Inventory:

Hand Weapons
 a - a +0 long sword (weapon)
Armour
 b - a +0 scale mail
 c - a +0 shield (worn)
 o - a +0 plate armour (worn)
 q - a +0 cloak (worn)
Jewellery
 g - a cursed -3 ring of intelligence (left hand)
Scrolls
 i - 2 scrolls of identify {unknown}
 k - a scroll of fog {unknown}
 l - 3 scrolls of teleportation {unknown}
 m - 2 scrolls of random uselessness {unknown}
 n - a scroll of enchant armour {unknown}
 p - 2 scrolls of amnesia {unknown}
 s - a scroll of immolation {unknown}
 v - a scroll of recharging {unknown}
Potions
 e - 4 potions of heal wounds {unknown}
 h - a potion of flight {unknown}
 j - 2 potions of brilliance {unknown}
 u - a potion of curing
Comestibles
 f - 6 bread rations
 r - a slice of pizza
 t - a chunk of flesh


   Skills:
 + Level 4.3 Fighting
 + Level 2.8 Long Blades
 + Level 4.3 Armour
 + Level 0.4 Dodging
 + Level 4.2 Shields


You had 2 spell levels left.
You didn't know any spells.

Dungeon Overview and Level Annotations

Branches:
Dungeon (3/15)

Altars:
Ru

Annotations:
D:3 Grinder


Innate Abilities, Weirdness & Mutations

You reflexively headbutt those who attack you in melee.
You have a pair of horns on your head.


Message History

* * * LOW HITPOINT WARNING * * *
A dart slug comes into view.
Your shield and plate armour prevent you from hitting Grinder.
Grinder is moderately wounded.
Grinder hits you but does no damage.
You hit Grinder.
Grinder is moderately wounded.
Grinder hits you but does no damage. You block Grinder's attack.
You hit Grinder. Your headbutt misses Grinder.
Grinder is heavily wounded.
Grinder hits you but does no damage.
You closely miss Grinder.
Grinder is heavily wounded.
You block Grinder's attack.
Your shield and plate armour prevent you from hitting Grinder.
Grinder is heavily wounded.
Grinder hits you.
* * * LOW HITPOINT WARNING * * *
You block the kobold's attack. Grinder hits you.
You die...

..... #....#
..$..####....######
.....#.............
.........#.........
.................### #
..........#...........
........#..5..........
....##<.##@..........
..........K...........
#...........)###......
........w.##.†..).....
#...##..#.....#...#...
.......##......#..".#
...._.. #............#
.^..... ##....#####...
⌠$..§ #..... .#


You could see Grinder, a dart slug and a kobold.

Vanquished Creatures
  An adder (D:1)
  2 worms (D:2)
  2 dart slugs (D:2)
  A giant gecko (D:2)
  2 ball pythons
  A giant cockroach (D:2)
  7 hobgoblins
  A quokka (D:2)
  5 bats
  3 giant newts
  7 goblins
  A jackal skeleton (D:3)
  2 kobolds
  3 rats
38 creatures vanquished.

Notes
Turn   | Place    | Note
--------------------------------------------------------------
     0 | D:1      | Peloso the Minotaur Fighter began the quest for the Orb.
     0 | D:1      | Reached XP level 1. HP: 19/19 MP: 0/0
   661 | D:1      | Reached XP level 2. HP: 27/27 MP: 1/1
  1047 | D:2      | Reached XP level 3. HP: 30/33 MP: 2/2
  1843 | D:3      | Found a sacrificial altar of Ru.
  1843 | D:3      | Noticed Grinder
  1860 | D:3      | Paralysed by Grinder for 3 turns
  1874 | D:3      | Slain by Grinder

Skill      XL: |  1  2 |
---------------+-------+-----
Fighting       | 4 |  4.3
Shields        | 4 |  4.2
Armour         | 4 |  4.3
Long Blades    | |  2.8
Dodging        | |  0.4

Action                   || total
-------------------------++-------
Melee: Long sword        ||   103
       Headbutt          ||    15
  Use: Potion            ||     1
  Eat: Chunk             ||     3
Armor: Scale mail        ||    10
       Plate armour      ||    71
Dodge: Dodged            ||    27
Block: Shield            ||    56
